Description

stalker replay

Replay - pvp_build_showcase

Build Order

Get SALT Encoding   

  12  0:08  Pylon  
  13  0:14  Probe (Chrono Boost)  
  13  0:27  Gateway  
  13  0:31  Probe (Chrono Boost)  
  14  0:37  Assimilator  
  14  0:42  Probe (Chrono Boost)  
  15  0:52  Probe (Chrono Boost)  
  16  1:03  Probe (Chrono Boost)  
  17  1:14  Cybernetics Core  
  17  1:16  Gateway  
  17  1:20  Probe (Chrono Boost)  
  18  1:31  Probe (Chrono Boost)  
  19  1:33  Pylon  
  19  1:41  Probe (Chrono Boost)  
  19  1:45  Assimilator  
  20  1:51  Warp Gate (Chrono Boost), Probe  
  21  1:57  Adept  
  23  2:06  Stalker  
  25  2:11  Probe  
  26  2:23  Probe  
  26  2:24  Stalker  
  29  2:36  Stalker  
  31  2:39  Pylon  
  31  2:50  Stargate  
  31  2:57  Adept  
  33  3:28  Pylon  
  33  3:35  Oracle (Chrono Boost)  
  33  3:40  Stalker  
  37  3:41  Stalker  
  37  4:24  Oracle (Chrono Boost)  
  38  4:33  Stalker x2  
  42  4:58  Nexus  
Spawning Tool Build Advisor. Get it on Overwolf

Go to:

Details

  • Created by: sackzii
  • Published on: Dec 15, 2016
  • Modified on: Dec 15, 2016
  • Patch: 3.8.0
Show
View Real Time Build Order
Export as new Build Order

Comments (0)

There are no comments. Be the first!

Create an account to comment!